 Dungeon Sprint DCSS version 0.30.1-4-g462c640d31 (webtiles) character file.

Game seed: 2882243849382654629

14081 LynnLen the Imperceptible (level 11, -4/64 HPs)
             Began as a Spriggan Enchanter on Aug 22, 2023.
             Was a Follower of Uskayaw.
             Slain by a 12-headed hydra (7 damage)
             ... in the Dungeon (Sprint I: "Red Sonja").
             The game lasted 00:11:52 (2548 turns).

LynnLen the Imperceptible (Spriggan Enchanter)      Turns: 2548, Time: 00:11:52

Health: -4/64      AC:  7    Str:  4    XL:     11   Next: 84%
Magic:  25/31      EV: 30    Int: 25    God:    Uskayaw [*.....]
Gold:   580        SH:  0    Dex: 18    Spells: 25/40 levels left

rFire   + . .        a - +1 dagger
rCold   . . .        (no shield)
rNeg    . . .        k - +2 robe {rF+}
rPois   +            e - +1 hat of Paepe {Stlth+}
rElec   .            n - +1 cloak {rPois}
rCorr   .            (gloves unavailable)
SInv    +            (boots unavailable)
Will    +....        (no amulet)
Stlth   +++++++++    p - +6 ring of intelligence
HPRegen 0.30/turn    q - ring of wizardry
MPRegen 0.22/turn

%: no teleportation, wizardry (x1)
@: very quick
A: very small, no large weapons, unfitting armour, see invisible, speed 3
a: Renounce Religion, Stomp


You were in the Dungeon.
You worshipped Uskayaw.
Uskayaw was noncommittal.
You visited 1 branch You collected 1756 gold pieces.
You spent 1176 gold pieces at shops.

Inventory:

Hand Weapons
 a - a +1 dagger (weapon)
Armour
 e - the +1 hat of Paepe (worn) {Stlth+}
   (You bought it in a shop in the Dungeon)

   Stlth:     It makes you more stealthy.
 k - a +2 robe of fire resistance (worn)
 m - the scarf "Reorionn" {harm, *Slow rN++}
   (You bought it in a shop in the Dungeon)

   rN:        It greatly protects you from negative energy.
   *Slow:     It may slow you when you take damage.
 n - a +1 cloak of poison resistance (worn)
Jewellery
 o - a +6 ring of strength
 p - a +6 ring of intelligence (left hand)
 q - a ring of wizardry (right hand)
Wands
 j - a wand of digging (5)
 l - a wand of flame (25)
Scrolls
 b - a scroll of poison {unknown}
 c - 3 scrolls of identify {unknown}
 i - a scroll of blinking
 r - a scroll of immolation {unknown}
Potions
 d - 2 potions of curing
 f - 3 potions of haste
 g - 3 potions of magic
 h - a potion of berserk rage


   Skills:
 + Level 10.9 Fighting
 - Level 10.0 Short Blades
 + Level 16.4 Dodging
 * Level 22.7 Stealth
 + Level 15.4 Spellcasting
 + Level 10.5 Hexes
 - Level 4.0 Ice Magic
 + Level 7.3 Invocations


You had 25 spell levels left.
You knew the following spells:

 Your Spells              Type           Power      Damage    Failure   Level
a - Confusing Touch       Hex            64%        N/A       1%          3
b - Tukima's Dance        Hex            64%        N/A       1%          3
c - Ensorcelled Hibernat  Hex/Ice        100%       N/A       1%          2
d - Enfeeble              Hex            32%        N/A       13%         7

Your spell library contained the following spells:

 Spells                   Type           Power      Damage    Failure   Level
 Lesser Beckoning         Tloc           38%        N/A       1%          2
 Dazzling Flash           Conj/Hex       90%        N/A       1%          3
 Inner Flame              Hex/Fire       45%        N/A       1%          3
 Gell's Gravitas          Tloc           19%        N/A       3%          3
 Teleport Other           Tloc           19%        N/A       3%          3
 Yara's Violent Unravell  Hex/Tmut       22%        3d10      3%          5


Dungeon Overview and Level Annotations

Branches:
Dungeon (1/1)

Altars:
Cheibriados
Dithmenos
Elyvilon
Fedhas
Gozag
Hepliaklqana
Kikubaaqudgha
Makhleb
Nemelex Xobeh
Okawaru
Qazlal
Ru
Sif Muna
Trog
Uskayaw
Vehumet
Wu Jian
Xom
Yredelemnul
Zin
The Shining One
Jiyva
Lugonu

Shops:
D (*![:((!:([([==[!

Annotations:
D Tiamat


Innate Abilities, Weirdness & Mutations

You are very small and have problems with some larger weapons.
You are too small for most types of armour.
You have supernaturally acute eyesight. (SInv)
You cover ground extremely quickly. (Speed+++)


Message History

Found 54 gold pieces.
Aiming: Ensorcelled Hibernation (safe; 1% risk of failure)
Press: ? - help, Q - select action, (/) - cycle Shift-Dir - straight line, f - 12-headed hydra
Aim: a 12-headed hydra (chance to affect: 37%)
The 12-headed hydra easily resists.
The 12-headed hydra closely misses you. x3
The 12-headed hydra barely misses you.
The 12-headed hydra completely misses you.
The 12-headed hydra closely misses you. x3
The 12-headed hydra completely misses you. x4
The floating eye's stare focuses on you.
Aiming: Ensorcelled Hibernation (safe; 1% risk of failure)
Press: ? - help, Q - select action, (/) - cycle Shift-Dir - straight line, f/p - 12-headed hydra
Aim: a 12-headed hydra (purple smoke, chance to affect: 37%)
The 12-headed hydra easily resists.
The 12-headed hydra misses you.
The 12-headed hydra bites you but does no damage.
The 12-headed hydra bites you!
The 12-headed hydra completely misses you.
The 12-headed hydra misses you.
The 12-headed hydra completely misses you.
The 12-headed hydra bites you.
The 12-headed hydra completely misses you.
The 12-headed hydra bites you!
The 12-headed hydra completely misses you.
The 12-headed hydra bites you!
The 12-headed hydra completely misses you.
Aiming: Ensorcelled Hibernation (safe; 1% risk of failure)
Press: ? - help, Q - select action, (/) - cycle Shift-Dir - straight line, f/p - 12-headed hydra
Aim: a 12-headed hydra (purple smoke, chance to affect: 37%)
The 12-headed hydra easily resists.
The 12-headed hydra misses you. x2; The 12-headed hydra barely misses you.
The 12-headed hydra bites you but does no damage.
The 12-headed hydra bites you!
* * * LOW HITPOINT WARNING * * *
The 12-headed hydra bites you.
* * * LOW HITPOINT WARNING * * *
The 12-headed hydra completely misses you.
The 12-headed hydra misses you. x2; The 12-headed hydra bites you!
You die...

#####################
.)#..#§§§.'§§§§§@DG$#
..##'#§####§§§§§##$§+
..'..#§# ##§.§######
###†.'§# ###+#=[!##
§##+#### #.##$$$#
.#○..°.# #..###$#
§#.○.°.+ ##.#A#.#
'###.)°# #..###.#
.'.#..°# #.##...#


You could see a 12-headed hydra and a floating eye (charged).

Vanquished Creatures
  4 fire giants (D)
  2 centaur warriors (D)
  Sonja (D)
  A deep troll (D)
  A lindwurm (D)
  An oklob plant (D)
  A gargoyle (D)
  4 demonic crawlers (D)
  2 kobold demonologists (D)
  7 unseen horrors (D)
  A hornet (D)
  A slime creature (D)
  Sigmund (D)
  A yak (D)
  13 hogs (D)
  2 redbacks (D)
  2 floating eyes (D)
  An ogre (D)
  7 necrophages (D)
  8 jellies (D)
  Ijyb (D)
  A ballistomycete spore (D)
63 creatures vanquished.

Vanquished Creatures (others)
  A ballistomycete spore (D)
1 creature vanquished.

Grand Total: 64 creatures vanquished

Notes
Turn   | Place    | Note
-------+----------+-------------------------------------------
     0 | D        | LynnLen the Spriggan Enchanter began the quest for the Orb.
     0 | D        | Reached XP level 1. HP: 9/9 MP: 5/5
     3 | D        | Noticed Ijyb
    14 | D        | Noticed an ogre
    20 | D        | Killed Ijyb
    21 | D        | Reached skill level 1 in Fighting
    21 | D        | Reached skill level 5 in Stealth
    21 | D        | Reached skill level 5 in Hexes
    21 | D        | Reached XP level 2. HP: 14/14 MP: 5/7
    26 | D        | Killed an ogre
    27 | D        | Reached skill level 5 in Short Blades
    27 | D        | Reached skill level 5 in Dodging
    27 | D        | Reached skill level 6 in Stealth
    27 | D        | Reached XP level 3. HP: 19/19 MP: 6/10
    27 | D        | Reached XP level 4. HP: 23/23 MP: 6/11
    28 | D        | Noticed Sigmund
    31 | D        | Killed Sigmund
    32 | D        | Reached skill level 7 in Stealth
    32 | D        | Reached XP level 5. HP: 28/28 MP: 6/14
    81 | D        | Found an ornate altar of the Wu Jian Council.
    81 | D        | Found a shimmering blue altar of Sif Muna.
    83 | D        | Found a radiant altar of Vehumet.
    88 | D        | Reached skill level 8 in Stealth
    88 | D        | Reached XP level 6. HP: 32/32 MP: 13/16
   116 | D        | Found Repniale's Assorted Antiques.
   116 | D        | Found an ancient bone altar of Kikubaaqudgha.
   116 | D        | Found a hazy altar of Hepliaklqana.
   116 | D        | Found a hide-covered altar of Uskayaw.
   116 | D        | Found a basalt altar of Yredelemnul.
   116 | D        | Found an opulent altar of Gozag.
   116 | D        | Found a snail-covered altar of Cheibriados.
   116 | D        | Found a sacrificial altar of Ru.
   116 | D        | Found a shadowy altar of Dithmenos.
   116 | D        | Noticed a yak
   117 | D        | Found a stormy altar of Qazlal.
   117 | D        | Found a blossoming altar of Fedhas.
   117 | D        | Found a bloodstained altar of Trog.
   117 | D        | Found an iron altar of Okawaru.
   117 | D        | Found a glowing golden altar of the Shining One.
   117 | D        | Found a glowing silver altar of Zin.
   117 | D        | Found a white marble altar of Elyvilon.
   133 | D        | Learned a level 3 spell: Confusing Touch
   137 | D        | Learned a level 3 spell: Tukima's Dance
   140 | D        | Learned a level 2 spell: Ensorcelled Hibernation
   145 | D        | Killed a yak
   146 | D        | Reached skill level 9 in Stealth
   196 | D        | Found a sparkling altar of Nemelex Xobeh.
   201 | D        | Became a worshipper of Uskayaw the Reveller
   209 | D        | Noticed Sonja
   212 | D        | Killed Sonja
   212 | D        | Reached * piety under Uskayaw
   213 | D        | Reached skill level 5 in Fighting
   213 | D        | Reached skill level 10 in Short Blades
   213 | D        | Reached skill level 11 in Stealth
   213 | D        | Reached XP level 7. HP: 39/39 MP: 18/20
   224 | D        | Noticed a deep troll
   237 | D        | Killed a deep troll
   238 | D        | Reached skill level 10 in Dodging
   238 | D        | Reached skill level 12 in Stealth
   238 | D        | Reached skill level 10 in Spellcasting
   238 | D        | Reached XP level 8. HP: 27/45 MP: 16/23
   307 | D        | Found Bapit's Armour Emporium.
   329 | D        | Found Zebyc's Antique Weapon Boutique.
   533 | D        | Bought a glimmering scarf for 220 gold pieces
   533 | D        | Identified the scarf "Reorionn" {harm, *Slow rN++} (You
                  | bought it in a shop in the Dungeon)
   560 | D        | Noticed a centaur warrior
   561 | D        | Noticed a centaur warrior
   565 | D        | Killed a centaur warrior
   565 | D        | Reached ** piety under Uskayaw
   566 | D        | Reached skill level 13 in Stealth
   566 | D        | Reached XP level 9. HP: 12/50 MP: 21/24
   568 | D        | Killed a centaur warrior
   568 | D        | Reached *** piety under Uskayaw
   569 | D        | Reached skill level 14 in Stealth
   650 | D        | Noticed an oklob plant
   652 | D        | Killed an oklob plant
   653 | D        | Reached skill level 15 in Stealth
   701 | D        | Reached skill level 16 in Stealth
   702 | D        | Reached **** piety under Uskayaw
   713 | D        | Noticed an unseen horror
   713 | D        | Noticed an unseen horror
   752 | D        | Reached XP level 10. HP: 45/57 MP: 24/27
   960 | D        | Reached skill level 17 in Stealth
   990 | D        | Identified the +4 glaive of Lies {venom, rF- rC+ Int+3}
  1036 | D        | Found Nuceoply's Antique Armour Shoppe.
  1036 | D        | Found Ippelix's Distillery.
  1036 | D        | Found Gilieski's Book Boutique.
  1038 | D        | Found Joaraw Xiefu's Antique Weapon Emporium.
  1038 | D        | Found Eronniv's Weapon Shop.
  1038 | D        | Found Cuvyrec's Distillery.
  1038 | D        | Found Sipponoc's Book Boutique.
  1038 | D        | Found Yhis's Antique Weapon Emporium.
  1038 | D        | Found Pomubb's Armour Shop.
  1038 | D        | Found Nozu's Weapon Shoppe.
  1041 | D        | Found Geucs's Antique Armour Boutique.
  1042 | D        | Found Woeberet's Jewellery Emporium.
  1042 | D        | Found Holit's Jewellery Boutique.
  1043 | D        | Found Devofaaf's Distillery.
  1057 | D        | Bought the +1 hat of Paepe {Stlth+} for 263 gold pieces
  1057 | D        | Bought a +1 cloak of poison resistance for 189 gold pieces
  1078 | D        | Bought a book of Misfortune for 504 gold pieces
  1139 | D        | Found a burning altar of Makhleb.
  1139 | D        | Found a viscous altar of Jiyva.
  1139 | D        | Found a shimmering altar of Xom.
  1139 | D        | Found a corrupted altar of Lugonu.
  1159 | D        | Reached skill level 1 in Invocations
  1161 | D        | Reached skill level 18 in Stealth
  1164 | D        | Noticed a demonic crawler
  1164 | D        | Noticed a demonic crawler
  1164 | D        | Noticed a demonic crawler
  1164 | D        | Noticed a demonic crawler
  1166 | D        | Killed a demonic crawler
  1167 | D        | Killed a demonic crawler
  1167 | D        | Killed a demonic crawler
  1168 | D        | Reached skill level 19 in Stealth
  1330 | D        | Killed a demonic crawler
  1398 | D        | Noticed a gargoyle
  1401 | D        | Killed a gargoyle
  1416 | D        | Noticed a lindwurm
  1419 | D        | Killed a lindwurm
  1446 | D        | Learned a level 7 spell: Enfeeble
  1454 | D        | Reached skill level 15 in Dodging
  1454 | D        | Reached skill level 20 in Stealth
  1454 | D        | Reached XP level 11. HP: 63/63 MP: 30/30
  1459 | D        | Reached ***** piety under Uskayaw
  1468 | D        | Reached skill level 10 in Fighting
  1468 | D        | Reached skill level 5 in Invocations
  1492 | D        | Reached ****** piety under Uskayaw
  1782 | D        | Noticed a daeva
  1794 | D        | Reached skill level 21 in Stealth
  1841 | D        | Noticed a fire giant
  1844 | D        | Noticed a fire giant
  1845 | D        | Noticed a fire giant
  1846 | D        | Noticed a fire giant
  1848 | D        | Killed a fire giant
  1863 | D        | Killed a fire giant
  1864 | D        | Reached skill level 22 in Stealth
  1864 | D        | Reached skill level 15 in Spellcasting
  1864 | D        | Reached skill level 10 in Hexes
  1915 | D        | Killed a fire giant
  1920 | D        | Killed a fire giant
  2075 | D        | Found the +4 dragonskin cloak
  2075 | D        | Noticed Tiamat
  2545 | D        | Noticed a 12-headed hydra
  2548 | D        | HP: 3/64 [12-headed hydra (3)]
  2548 | D        | Slain by a 12-headed hydra

Illustrated notes

Levels and vault maps discovered:
D:        dungeon_sprint_1 [red_sonja_temple_1, red_sonja_temple_small_1]

Skill      XL: |  1  2  3  4  5  6  7  8  9 10 11 |
---------------+----------------------------------+-----
Fighting       | 1 2 3 5 6 7 8 9 10 | 10.9
Short Blades   | 3 5 6 7 10 | 10.0
Dodging        | 3 5 6 9 10 11 13 15 16 | 16.4
Stealth        | 5 6 7 8 11 12 13 16 20 22 | 22.7
Spellcasting   | 3 4 6 8 10 12 14 15 | 15.4
Hexes          | 5 6 8 10 | 10.5
Ice Magic      | 2 4 |  4.0
Invocations    | 4 7 |  7.3

Action                     |  1- 3 |  4- 6 |  7- 9 | 10-12 || total
---------------------------+-------+-------+-------+-------++-------
  Melee: Dagger            |    13 |     6 |    36 |   168 ||   223
         Punch             |       |       |       |     3 ||     3
   Cast: Ensorcelled Hiber |       |     3 |     4 |    17 ||    24
         Confusing Touch   |       |       |       |     1 ||     1
 Invoke: Stomp             |       |       |     2 |     3 ||     5
    Use: Potion            |     1 |     1 |     1 |     1 ||     4
   Stab: Sleeping          |     2 |     3 |    14 |    22 ||    41
         Invisible         |     1 |     1 |       |       ||     2
         Confused          |       |       |       |     2 ||     2
         Paralysed         |       |       |       |     7 ||     7
         Distracted        |       |       |       |     1 ||     1
 Armour: Robe              |       |       |     2 |     7 ||     9
  Dodge: Dodged            |     6 |     3 |    24 |   128 ||   161
